AoeStats
← 86969829

Arabia

507065681Analyzed
1v1 RM · 15d ago on Sep 16, 2026· 46m 12s· 2 players
Game mode
Random Map
Map size
Tiny (2 player)
Population
200
Speed
Normal
Resources
Standard
Victory
Conquest
Starting age
Dark Age
Ending age
Imperial Age
RankedLock teamsTeams togetherTeam positionsShared explorationLock speedFull tech treeHidden civsTurbo modeCheats
Victory
Defeat
🇦🇷 Mongols · Argentina
980
+15
🇨🇳 Franks · China
966
-15
86969829
10:10 Feudal Age
10:16 Man-at-Arms
22:00 Castle Age
20:42 Scale Barding Armor
20:48 Forging
20:37 Double-Bit Axe
21:59 Forging
22:10 Elite Skirmisher
24:21 Chain Barding Armor
26:26 Squires
25:46 Pikeman
26:56 Scale Mail Armor
27:31 Iron Casting
27:38 Padded Archer Armor
27:28 Fletching
27:43 Arson
28:11 Stone Mining
35:19 Bow Saw
35:47 #83
38:02 Gold Mining
41:05 Gold Shaft Mining
40:40 Loom
44:11 Imperial Age
44:57 Fletching
45:22 Leather Archer Armor
45:41 Husbandry
45:01 Cavalier
45:41 Halberdier
fenic93
9:00 Feudal Age
8:36 Loom
9:30 Double-Bit Axe
10:22 Wheelbarrow
22:50 Castle Age
20:47 Horse Collar
21:16 Gold Mining
21:35 Fletching
22:25 Forging
23:24 Stone Mining
23:37 Scale Mail Armor
24:05 Bow Saw
23:52 Pikeman
26:40 Hand Cart
28:35 Squires
29:25 Scale Barding Armor
29:24 Husbandry
34:41 Heavy Plow
35:14 Chain Barding Armor
36:01 Murder Holes
36:28 Ballistics
41:15 Imperial Age
39:03 Chain Mail Armor
39:26 Gold Shaft Mining
39:05 Bloodlines
39:38 Light Cavalry
41:12 Iron Casting
42:37 Conscription
41:54 Elite Mangudai
43:14 Hussar
44:03 Crossbowman
45:45 Thumb Ring
Connection lost

Rejoining the realm…

Still unreachable

The connection could not be restored.

Session expired

The server has moved on; the page needs a fresh start.